[ AOE2 MATCH · #508092615 ]
UnrankedFranks vs Persians
Player's team · LOSS
Rival team · WIN
[ REPLAY ANALYSIS · EXTRACTED FROM THE RECORDED GAME ]
Feudal
8:15
Castle
24:26
Imperial
34:52
| APM avg | 37.3 |
| APM peak | 101 |
| eAPM avg | 22.4 |
| Villagers / military | 210 / 91 |
Focus
⚔️ 32.4% · 🌾 67.6%
Spearman ×53 · Knight ×29 · Monk ×5 · Scout Cavalry ×2 · Trebuchet (Packed) ×2
Feudal
10:50
Castle
14:39
Imperial
33:22
| APM avg | 26.8 |
| APM peak | 56 |
| eAPM avg | 19.6 |
| Villagers / military | 183 / 122 |
Focus
⚔️ 21.1% · 🌾 78.9%
Knight ×63 · Hand Cannoneer ×33 · Bombard Cannon ×9 · Monk ×7 · Trebuchet (Packed) ×4 · Mangonel ×3
Match map
Initial resources + every placement click. Lines = walls · curves = elevation contours. ◆ gold · ⬟ stone · ● berries · ✦ relic · ◌ wall gap
Your base· ✓ Closed at 24:26 · 0t walls · 2 gate(s)
Light's base· ✓ Closed at 14:39 · 38t walls · 3 gate(s)
Smoothed initial terrain · ◌ = detected wall gap · hover for details
Inputs per minute
— VENÓN | BOTZANGA - - Light
Build order — VENÓN | BOTZANGA
First 150 of 441 actions detected
| 0:01 | Create | Villager (Male) |
| 0:01 | Create | Villager (Male) |
| 0:01 | Create | Villager (Male) |
| 0:02 | Build | House |
| 0:04 | Build | House |
| 0:08 | Create | Villager (Male) |
| 1:24 | Create | Villager (Male) |
| 1:24 | Create | Villager (Male) |
| 1:51 | Build | Lumber Camp |
| 2:00 | Create | Villager (Male) |
| 2:00 | Create | Villager (Male) |
| 2:16 | Create | Villager (Male) |
| 2:16 | Create | Villager (Male) |
| 2:37 | Build | House |
| 2:41 | Create | Villager (Male) |
| 2:41 | Create | Villager (Male) |
| 2:55 | Create | Villager (Male) |
| 2:55 | Create | Villager (Male) |
| 3:33 | Create | Villager (Male) |
| 3:33 | Create | Villager (Male) |
| 4:08 | Create | Villager (Male) |
| 4:08 | Create | Villager (Male) |
| 4:21 | Create | Villager (Male) |
| 4:21 | Create | Villager (Male) |
| 4:24 | Build | Mill |
| 4:38 | Research | Loom |
| 5:30 | Create | Villager (Male) |
| 6:05 | Research | Feudal Age |
| 6:22 | Build | Mining Camp |
| 7:02 | Create | Villager (Male) |
| 7:08 | Build | House |
| 7:36 | Build | House |
| 7:58 | Create | Villager (Male) |
| 8:12 | Create | Villager (Male) |
| 8:15 | Age | Feudal Age |
| 8:20 | Build | Watch Tower |
| 8:24 | Create | Villager (Male) |
| 9:02 | Create | Villager (Male) |
| 9:18 | Research | Double-Bit Axe |
| 9:54 | Create | Villager (Male) |
| 10:09 | Create | Villager (Male) |
| 10:28 | Build | Outpost |
| 10:31 | Build | Outpost |
| 10:46 | Create | Villager (Male) |
| 11:05 | Build | Watch Tower |
| 11:09 | Create | Villager (Male) |
| 11:12 | Build | Blacksmith |
| 11:33 | Create | Villager (Male) |
| 12:02 | Create | Villager (Male) |
| 12:12 | Create | Villager (Male) |
| 12:36 | Create | Villager (Male) |
| 12:53 | Build | Barracks |
| 12:56 | Create | Villager (Male) |
| 12:59 | Create | Villager (Male) |
| 13:07 | Build | House |
| 13:08 | Build | House |
| 13:11 | Create | Villager (Male) |
| 13:16 | Build | Outpost |
| 13:29 | Build | Outpost |
| 13:38 | Build | Outpost |
| 13:42 | Research | Town Watch |
| 13:42 | Create | Villager (Male) |
| 13:56 | Build | Watch Tower |
| 13:58 | Create | Spearman |
| 14:00 | Build | Outpost |
| 14:02 | Create | Villager (Male) |
| 14:24 | Build | House |
| 14:26 | Build | House |
| 14:29 | Create | Spearman |
| 14:36 | Create | Villager (Male) |
| 14:46 | Build | Watch Tower |
| 14:47 | Create | Villager (Male) |
| 15:00 | Create | Spearman |
| 15:01 | Create | Villager (Male) |
| 15:07 | Create | Spearman |
| 15:11 | Build | Farm |
| 15:11 | Build | Farm |
| 15:11 | Build | Farm |
| 15:15 | Create | Villager (Male) |
| 15:28 | Build | Mill |
| 15:58 | Build | Watch Tower |
| 16:00 | Create | Villager (Male) |
| 16:08 | Build | Farm |
| 16:08 | Build | Farm |
| 16:08 | Build | Farm |
| 16:09 | Build | Farm |
| 16:10 | Create | Villager (Male) |
| 16:34 | Create | Villager (Male) |
| 16:38 | Build | Farm |
| 16:55 | Create | Villager (Male) |
| 17:06 | Research | Scale Mail Armor |
| 17:17 | Build | Lumber Camp |
| 17:20 | Build | Farm |
| 17:22 | Create | Villager (Male) |
| 17:38 | Create | Villager (Male) |
| 17:41 | Build | Farm |
| 17:42 | Build | Farm |
| 18:01 | Build | Farm |
| 18:04 | Create | Villager (Male) |
| 18:14 | Create | Villager (Male) |
| 18:33 | Create | Villager (Male) |
| 18:43 | Build | Farm |
| 18:48 | Build | Farm |
| 18:49 | Build | Farm |
| 18:51 | Build | Farm |
| 18:54 | Create | Villager (Male) |
| 18:58 | Create | Villager (Male) |
| 19:09 | Build | House |
| 19:12 | Create | Villager (Male) |
| 19:21 | Create | Spearman |
| 19:28 | Build | Farm |
| 19:39 | Create | Villager (Male) |
| 19:46 | Create | Villager (Male) |
| 19:52 | Build | Market |
| 19:52 | Create | Villager (Male) |
| 19:55 | Build | Mining Camp |
| 19:58 | Create | Villager (Male) |
| 20:09 | Create | Villager (Male) |
| 20:21 | Create | Villager (Male) |
| 20:31 | Build | Farm |
| 20:34 | Build | Farm |
| 20:35 | Create | Villager (Male) |
| 20:52 | Build | House |
| 20:56 | Create | Villager (Male) |
| 21:00 | Build | House |
| 21:01 | Build | House |
| 21:04 | Create | Villager (Male) |
| 21:42 | Research | Castle Age |
| 21:49 | Build | Stable |
| 21:52 | Build | Stable |
| 21:54 | Create | Villager (Male) |
| 22:08 | Create | Villager (Male) |
| 22:11 | Create | Spearman |
| 22:11 | Create | Spearman |
| 22:25 | Create | Villager (Male) |
| 22:41 | Create | Villager (Male) |
| 22:47 | Research | Gold Mining |
| 22:50 | Create | Villager (Male) |
| 23:01 | Create | Villager (Male) |
| 23:16 | Build | Farm |
| 23:16 | Build | Farm |
| 23:17 | Build | Farm |
| 23:20 | Research | Scale Barding Armor |
| 23:29 | Create | Villager (Male) |
| 23:36 | Build | Farm |
| 23:41 | Build | House |
| 23:43 | Build | House |
| 23:45 | Create | Villager (Male) |
| 24:03 | Create | Villager (Male) |
| 24:07 | Build | Farm |
Build order — Light
First 150 of 415 actions detected
| 0:01 | Create | Villager (Male) |
| 0:02 | Create | Villager (Male) |
| 0:02 | Create | Villager (Male) |
| 0:03 | Build | House |
| 0:05 | Build | House |
| 0:21 | Create | Villager (Male) |
| 0:21 | Create | Villager (Male) |
| 1:19 | Build | Lumber Camp |
| 1:30 | Create | Villager (Male) |
| 1:56 | Create | Villager (Male) |
| 2:27 | Create | Villager (Male) |
| 2:27 | Create | Villager (Male) |
| 3:06 | Create | Villager (Male) |
| 3:07 | Create | Villager (Male) |
| 3:15 | Build | House |
| 3:16 | Build | House |
| 3:17 | Build | House |
| 3:25 | Build | House |
| 3:44 | Create | Villager (Male) |
| 4:13 | Build | Mill |
| 4:13 | Create | Villager (Male) |
| 4:41 | Create | Villager (Male) |
| 4:41 | Create | Villager (Male) |
| 5:10 | Create | Villager (Male) |
| 5:10 | Create | Villager (Male) |
| 5:49 | Create | Villager (Male) |
| 5:50 | Create | Villager (Male) |
| 5:50 | Create | Villager (Male) |
| 6:10 | Build | Farm |
| 6:11 | Build | Farm |
| 6:17 | Create | Villager (Male) |
| 6:50 | Create | Villager (Male) |
| 6:51 | Create | Villager (Male) |
| 6:51 | Create | Villager (Male) |
| 6:51 | Create | Villager (Male) |
| 8:02 | Build | Barracks |
| 8:35 | Build | Palisade Wall |
| 8:41 | Build | Palisade Wall |
| 8:46 | Research | Feudal Age |
| 8:50 | Build | Mining Camp |
| 9:48 | Build | Palisade Wall |
| 10:04 | Build | Palisade Wall |
| 10:14 | Create | Villager (Male) |
| 10:18 | Research | Loom |
| 10:19 | Create | Villager (Male) |
| 10:50 | Age | Feudal Age |
| 11:07 | Build | Market |
| 11:11 | Build | Blacksmith |
| 11:18 | Create | Villager (Male) |
| 12:09 | Build | Stable |
| 12:14 | Research | Castle Age |
| 12:19 | Build | Palisade Wall |
| 12:26 | Build | House |
| 12:27 | Build | House |
| 12:37 | Build | House |
| 12:56 | Build | Palisade Gate |
| 13:04 | Create | Villager (Male) |
| 13:07 | Build | Farm |
| 13:20 | Build | Farm |
| 13:39 | Build | Farm |
| 14:01 | Build | Farm |
| 14:06 | Build | Farm |
| 14:17 | Research | Double-Bit Axe |
| 14:39 | Age | Castle Age |
| 14:54 | Create | Villager (Male) |
| 15:09 | Build | Town Center |
| 15:17 | Build | Farm |
| 15:21 | Create | Knight |
| 15:23 | Create | Villager (Male) |
| 15:39 | Create | Villager (Male) |
| 16:00 | Create | Villager (Male) |
| 16:08 | Create | Villager (Male) |
| 16:08 | Create | Villager (Male) |
| 16:14 | Create | Villager (Male) |
| 16:26 | Build | Siege Workshop |
| 16:31 | Create | Knight |
| 16:35 | Create | Villager (Male) |
| 16:47 | Build | Farm |
| 16:51 | Build | Farm |
| 17:04 | Create | Villager (Male) |
| 17:05 | Create | Villager (Male) |
| 17:11 | Build | Farm |
| 17:37 | Create | Mangonel |
| 17:37 | Create | Mangonel |
| 17:40 | Create | Villager (Male) |
| 17:40 | Create | Villager (Male) |
| 17:49 | Build | House |
| 17:49 | Build | House |
| 17:49 | Build | House |
| 17:49 | Build | House |
| 17:50 | Build | House |
| 17:50 | Build | House |
| 17:52 | Create | Villager (Male) |
| 17:52 | Create | Villager (Male) |
| 18:00 | Create | Villager (Male) |
| 18:00 | Create | Villager (Male) |
| 18:22 | Create | Mangonel |
| 18:23 | Create | Villager (Male) |
| 18:23 | Create | Villager (Male) |
| 18:27 | Create | Villager (Male) |
| 18:50 | Build | House |
| 18:50 | Build | House |
| 18:51 | Build | House |
| 18:52 | Create | Villager (Male) |
| 19:03 | Create | Villager (Male) |
| 19:03 | Create | Villager (Male) |
| 19:20 | Create | Scorpion |
| 19:23 | Create | Villager (Male) |
| 19:32 | Build | Farm |
| 19:32 | Build | Farm |
| 19:32 | Build | Farm |
| 19:32 | Build | Farm |
| 19:33 | Build | Farm |
| 19:34 | Create | Villager (Male) |
| 19:56 | Create | Knight |
| 20:01 | Create | Scorpion |
| 20:18 | Create | Villager (Male) |
| 20:27 | Create | Villager (Male) |
| 20:27 | Create | Villager (Male) |
| 20:44 | Create | Villager (Male) |
| 20:44 | Create | Villager (Male) |
| 20:50 | Create | Villager (Male) |
| 20:50 | Create | Villager (Male) |
| 20:58 | Build | Town Center |
| 21:02 | Create | Villager (Male) |
| 21:03 | Create | Villager (Male) |
| 21:16 | Create | Villager (Male) |
| 21:20 | Create | Villager (Male) |
| 21:30 | Create | Villager (Male) |
| 21:30 | Create | Villager (Male) |
| 21:39 | Create | Scorpion |
| 21:50 | Create | Villager (Male) |
| 21:50 | Create | Villager (Male) |
| 21:59 | Create | Villager (Male) |
| 22:00 | Create | Villager (Male) |
| 22:01 | Create | Villager (Male) |
| 22:01 | Create | Villager (Male) |
| 22:16 | Create | Villager (Male) |
| 22:29 | Build | Monastery |
| 22:32 | Create | Villager (Male) |
| 22:32 | Create | Villager (Male) |
| 22:37 | Create | Villager (Male) |
| 22:37 | Create | Villager (Male) |
| 22:42 | Build | Farm |
| 22:43 | Build | Farm |
| 22:43 | Build | Farm |
| 22:43 | Build | Farm |
| 22:43 | Build | Farm |
| 22:44 | Build | Farm |
| 22:44 | Build | Farm |
Match timeline
| 8:02 | Light · first_building Barracks |
| 8:15 | VENÓN | BOTZANGA · age_up feudal |
| 8:35 | Light · wall_segment Palisade Wall x3 |
| 8:41 | Light · wall_segment Palisade Wall x15 |
| 9:48 | Light · wall_segment Palisade Wall x5 |
| 10:04 | Light · wall_segment Palisade Wall x14 |
| 10:50 | Light · age_up feudal |
| 12:09 | Light · first_building Stable |
| 12:19 | Light · wall_segment Palisade Wall x1 |
| 12:53 | VENÓN | BOTZANGA · first_building Barracks |
| 14:39 | Light · age_up castle |
| 15:16 | Light · first_market_buy 100 wood |
| 16:26 | Light · first_building Siege Workshop |
| 21:49 | VENÓN | BOTZANGA · first_building Stable |
| 22:29 | Light · first_building Monastery |
| 24:26 | VENÓN | BOTZANGA · age_up castle |
| 24:31 | VENÓN | BOTZANGA · first_building Monastery |
| 29:41 | Light · first_building Castle |
| 30:30 | Light · first_market_sell 100 wood |
| 31:43 | VENÓN | BOTZANGA · first_building Castle |
| 33:22 | Light · age_up imperial |
| 34:52 | VENÓN | BOTZANGA · age_up imperial |
| 36:10 | Light · first_building Archery Range |
| 41:44 | VENÓN | BOTZANGA · resign |
[ AI ANALYSIS · 1 CREDIT ]
What really happened in this match?
Wolo.gg analyzes every decision: build order, eco, micro, common mistakes by bracket. Personalized analysis on WhatsApp or Discord in 30 seconds.
Civ guide
Franks
Perfil
VENÓN | BOTZANGA